 Dungeon Crawl Stone Soup version 0.31-a0-1301-g7e11add784 (webtiles) character file.

Game seed: 15670395686645992935

14664570 James the Heavyweight Champion (level 27, 419/419 HPs)
             Began as a Troll Gladiator on Dec 17, 2023.
             Was an Initiate of Gozag.
             Escaped with the Orb
             ... and 14 runes on Dec 19, 2023!
             The game lasted 07:05:37 (93621 turns).

James the Heavyweight Champion (Troll Gladiator)   Turns: 93621, Time: 07:05:38

Health: 419/419    AC: 43    Str: 34    XL:     27
Magic:  22/22      EV: 31    Int:  4    God:    Gozag
Gold:   20707      SH: 43    Dex: 23    Spells: 26/26 levels left

rFire   + +          .
                       - Unarmed
rCold   + + .        z - +8 tower shield {AC+3}
rNeg    + + .        n - melded +0 steam dragon scales
rPois   ∞            R - +2 hood of the Assassin {Detect Stab+ Stlth++}
rElec   +            O - scarf {rC+ rF+}
rCorr   +            (gloves unavailable)
SInv    .            (boots unavailable)
Will    ++++.        o - brooch of Shielding {Spirit SH+8}
Stlth   +++          L - ring "Wiutwua" {Will++ rCorr Dex+3}
HPRegen 2.49/turn    e - ring "Uzuwadgh" {rF+ rC+ rN+ Dex+3}
MPRegen 0.18/turn

%: guardian spirit
@: statue-form, studying 3 skills, very slow
A: slow and powerful, torment resistance 1, boosted hp, large, unfitting armour,
claws 3, regeneration 2, (shaggy fur 2), (tough skin 1), (iridescent scales 1)
0: Orb of Zot
}: 14/15 runes: barnacled, slimy, silver, iron, obsidian, icy, bone, abyssal,
demonic, glowing, magical, fiery, dark, gossamer
a: Begin Untransformation, Renounce Religion, Potion Petition, Call Merchant,
Bribe Branch


You escaped.
You worshipped Gozag.
Gozag was extremely pleased with you.
You were a living statue of rough stone.
You visited 17 branches of the dungeon, and saw 85 of its levels.
You visited Pandemonium 1 time, and saw 15 of its levels.
You visited the Abyss 3 times.
You also visited: Sewer, Gauntlet, Ice Cave, Volcano and Wizlab.

You collected 58168 gold pieces.
You spent 10938 gold pieces at shops.
You paid 26523 gold pieces to Gozag.

Inventory:

Hand Weapons
 b - a +2 sling of electrocution
   (You took it off Joseph on level 8 of the Dungeon)
 w - a +8 demon trident of freezing
   (You took it off a merfolk impaler on level 4 of the Shoals)
Missiles
 c - 13 throwing nets {!f}
 d - 191 large rocks
 K - 21 silver javelins
 N - 33 curare-tipped darts {!f}
Armour
 m - a +0 hat of see invisible
   (You found it on level 5 of the Pits of Slime)
 n - +0 steam dragon scales (melded)
   (You took it off Maggie on level 8 of the Dungeon)
 z - a +8 tower shield of protection (worn)
   (You bought it in a shop on level 2 of the Orcish Mines)
 O - a scarf of resistance (worn)
   (You found it on level 4 of the Spider Nest)
 R - the +2 hood of the Assassin (worn) {Detect Stab+ Stlth++}
   (You bought it in a shop in the Vestibule of Hell)

   Detect:    It allows the wearer to sense nearby creatures.
   Stab+:     It allows the wearer to make particularly effective stabbing
   attacks against helpless or unaware enemies with any weapon.
   Stlth++:   It makes you much more stealthy.
 V - a +1 tower shield of resistance
   (You took it off a demonspawn warmonger in Pandemonium)
Jewellery
 e - the ring "Uzuwadgh" (right claw) {rF+ rC+ rN+ Dex+3}
   (You found it on level 3 of the Crypt)

   [ring of positive energy]

   Dex+3:     It affects your dexterity (+3).
   rF+:       It protects you from fire.
   rC+:       It protects you from cold.
   rN+:       It protects you from negative energy.
 k - the ring of Xubaipol {rPois rC+ Str+3}
   (You bought it in a shop on level 11 of the Dungeon)

   [ring of protection from cold]

   Str+3:     It affects your strength (+3).
   rC+:       It protects you from cold.
   rPois:     It protects you from poison
 o - the brooch of Shielding (around neck) {Spirit SH+8}
   (You bought it in a shop on level 14 of the Dungeon)

   [amulet of guardian spirit]

   Spirit:    It causes incoming damage to be divided between your reserves of
   health and magic.
   SH+8:      It affects your SH (+8).
 t - the ring of Fopsio {rF++ Will+ Dex+3 SInv}
   (You found it in Pandemonium)

   [ring of willpower]

   Dex+3:     It affects your dexterity (+3).
   rF++:      It greatly protects you from fire.
   Will+:     It increases your willpower.
   SInv:      It lets you see invisible.
 B - the ring of the Greedy {rPois rN+ Int+6 SInv}
   (You took it off a vault guard on level 5 of the Vaults)

   [ring of intelligence]

   Int+6:     It affects your intelligence (+6).
   rPois:     It protects you from poison rN+: It protects you from negative
   energy.
   SInv:      It lets you see invisible.
 L - the ring "Wiutwua" (left claw) {Will++ rCorr Dex+3}
   (You bought it in a shop on level 14 of the Dungeon)

   [ring of resist corrosion]

   Dex+3:     It affects your dexterity (+3).
   Will++:    It greatly increases your willpower.
   rCorr:     It protects you from acid and corrosion.
 P - the ring of Muugyc {Str+6 Dex+8 Slay-2}
   (You bought it in a shop on level 14 of the Dungeon)

   [ring of strength]

   Str+6:     It affects your strength (+6).
   Dex+8:     It affects your dexterity (+8).
   Slay-2:    It affects your accuracy & damage with ranged weapons and melee
   (-2).
 T - the ring "Unkumiaq" {rElec Will+++ MP+9 Str+3 Stlth-}
   (You found it in Pandemonium)

   [ring of magical power]

   Str+3:     It affects your strength (+3).
   rElec:     It insulates you from electricity.
   Will+++:   It greatly increases your willpower.
   MP+9:      It affects your magic capacity (+9).
   Stlth-:    It makes you less stealthy.
Talismans
 Q - a storm talisman
   (You found it in a Gauntlet)
 S - a granite talisman (active)
   (You bought it in a shop on level 4 of the Lair of Beasts)
Wands
 v - a wand of digging (46)
   (You found it on level 3 of the Dungeon)
 x - a wand of acid (85)
   (You found it on level 4 of the Dungeon)
 C - a wand of polymorph (38)
   (You found it on level 7 of the Dungeon)
 G - a wand of charming (92)
   (You took it off Harold on level 11 of the Dungeon)
 X - a wand of roots (117)
   (You took it off Joseph on level 8 of the Dungeon)
Scrolls
 a - 4 scrolls of revelation
 j - a scroll of enchant armour
 p - 16 scrolls of fog
 u - 41 scrolls of teleportation {@r4}
 I - 19 scrolls of blinking
 J - 5 scrolls of butterflies
 U - 3 scrolls of silence
 W - 14 scrolls of immolation {!r}
 Z - 15 scrolls of fear
Potions
 f - 10 potions of enlightenment
 g - 9 potions of haste {@q3}
 h - 2 potions of resistance
 l - 9 potions of might
 s - 26 potions of curing {@q1}
 y - 15 potions of cancellation
 A - 4 potions of magic
 D - a potion of invisibility
 F - 14 potions of heal wounds {@q2}
 H - 9 potions of ambrosia
 M - 4 potions of berserk rage
 Y - 12 potions of mutation {!q}
Miscellaneous
 i - the horn of Geryon (quivered)
   (You took it off Geryon in the Vestibule of Hell)
 q - a phantom mirror
   (You found it on level 5 of the Lair of Beasts)
 r - a condenser vane
   (You found it in a Gauntlet)
 E - a box of beasts
   (You found it on level 3 of the Spider Nest)


   Skills:
 O Level 27 Fighting
 - Level 2.0 Throwing
 - Level 5.0 Armour
 O Level 27 Dodging
 + Level 10.4 Stealth
 O Level 27 Shields
 O Level 27 Unarmed Combat
 - Level 25.0 Shapeshifting


You had 26 spell levels left.
You didn't know any spells.
Your spell library contained the following spells:

 Spells                   Type           Power      Damage    Failure   Level
 Apportation              Tloc           0%         N/A       50%         1
 Foxfire                  Conj/Fire      0%         2x1d4     50%         1
 Freeze                   Ice            0%         1d3       50%         1
 Kiss of Death            Conj/Necr      0%         2d5       50%         1
 Magic Dart               Conj           0%         1d3       50%         1
 Necrotise                Necr           0%         1d4       50%         1
 Sandblast                Erth           0%         2d4       50%         1
 Shock                    Conj/Air       0%         1d3       50%         1
 Slow                     Hex            0%         N/A       50%         1
 Summon Small Mammal      Summ           0%         N/A       50%         1
 Blink                    Tloc           0%         N/A       65%         2
 Cigotuvi's Dreadful Rot  Necr/Pois/Air  0%         N/A       65%         2
 Ensorcelled Hibernation  Hex/Ice        0%         N/A       65%         2
 Lesser Beckoning         Tloc           0%         N/A       65%         2
 Passwall                 Tmut/Erth      0%         N/A       65%         2
 Poisonous Vapours        Pois/Air       0%         N/A       65%         2
 Scorch                   Fire           0%         2d5       65%         2
 Searing Ray              Conj           0%         2d4       65%         2
 Static Discharge         Conj/Air       0%         3-3/arc   65%         2
 Wereblood                Tmut           0%         N/A       65%         2
 Call Canine Familiar     Summ           0%         N/A       86%         3
 Confusing Touch          Hex            0%         N/A       86%         3
 Dazzling Flash           Conj/Hex       0%         N/A       86%         3
 Frozen Ramparts          Ice            0%         1d1       86%         3
 Gell's Gravitas          Tloc           0%         N/A       86%         3
 Hailstorm                Conj/Ice       0%         3d5       86%         3
 Ignite Poison            Fire/Tmut/Pois 0%         N/A       86%         3
 Inner Flame              Hex/Fire       0%         N/A       86%         3
 Mephitic Cloud           Conj/Pois/Air  0%         N/A       86%         3
 Ozocubu's Armour         Ice            0%         N/A       86%         3
 Sigil of Binding         Hex            0%         N/A       86%         3
 Stone Arrow              Conj/Erth      0%         3d7       86%         3
 Swiftness                Air            0%         N/A       86%         3
 Teleport Other           Tloc           0%         N/A       86%         3
 Tukima's Dance           Hex            0%         N/A       86%         3
 Vampiric Draining        Necr           0%         2d6       86%         3
 Volatile Blastmotes      Fire/Tloc      0%         2d10      86%         3
 Airstrike                Air            0%         2d(0-16)  99%         4
 Anguish                  Hex/Necr       0%         N/A       99%         4
 Animate Armour           Summ/Erth      0%         N/A       99%         4
 Brom's Barrelling Bould  Conj/Erth      0%         2d3       99%         4
 Cause Fear               Hex            0%         N/A       99%         4
 Dimensional Bullseye     Hex/Tloc       0%         N/A       99%         4
 Dispel Undead            Necr           0%         3d6       99%         4
 Flame Wave               Conj/Fire      0%         2d4       99%         4
 Fulminant Prism          Conj/Hex       0%         3d5       99%         4
 Iskenderun's Mystic Bla  Conj/Tloc      0%         2d3       99%         4
 Leda's Liquefaction      Tmut/Erth      0%         N/A       99%         4
 Manifold Assault         Tloc           0%         N/A       99%         4
 Olgreb's Toxic Radiance  Pois           0%         N/A       99%         4
 Passage of Golubria      Tloc           0%         N/A       99%         4
 Petrify                  Tmut/Erth      0%         N/A       99%         4
 Summon Ice Beast         Ice/Summ       0%         N/A       99%         4
 Summon Lightning Spire   Summ/Air       0%         N/A       99%         4
 Vhi's Electric Charge    Tloc/Air       0%         N/A       99%         4
 Agony                    Necr           0%         N/A       100%        5
 Alistair's Intoxication  Tmut/Pois      0%         N/A       100%        5
 Arcjolt                  Conj/Air       0%         1d10      100%        5
 Borgnjor's Vile Clutch   Necr/Erth      0%         N/A       100%        5
 Fireball                 Conj/Fire      0%         3d3       100%        5
 Freezing Cloud           Conj/Ice/Air   0%         6-21      100%        5
 Irradiate                Conj/Tmut      0%         3d11      100%        5
 Iskenderun's Battlesphe  Conj           0%         2d6       100%        5
 Lee's Rapid Deconstruct  Erth           0%         3d4*      100%        5
 Metabolic Englaciation   Hex/Ice        0%         N/A       100%        5
 Silence                  Hex/Air        0%         N/A       100%        5
 Yara's Violent Unravell  Hex/Tmut       0%         3d3       100%        5
 Bombard                  Conj/Erth      0%         9d1       100%        6
 Conjure Ball Lightning   Conj/Air       0%         3x3d6     100%        6
 Death Channel            Necr           0%         N/A       100%        6
 Dispersal                Tloc           0%         N/A       100%        6
 Eringya's Noxious Bog    Tmut/Pois      0%         4d6       100%        6
 Plasma Beam              Fire/Air       0%         2x1d10    100%        6
 Starburst                Conj/Fire      0%         6d3       100%        6
 Summon Cactus Giant      Summ           0%         N/A       100%        6
 Enfeeble                 Hex            0%         N/A       100%        7
 Haunt                    Necr/Summ      0%         N/A       100%        7
 Malign Gateway           Summ/Tloc      0%         N/A       100%        7
 Orb of Destruction       Conj           0%         9d5       100%        7
 Ozocubu's Refrigeration  Ice            0%         4d7       100%        7
 Summon Hydra             Summ           0%         N/A       100%        7
 Borgnjor's Revivificati  Necr           0%         N/A       100%        8
 Discord                  Hex            0%         N/A       100%        8
 Disjunction              Tloc           0%         N/A       100%        8
 Ignition                 Fire           0%         3d3       100%        8
 Lehudib's Crystal Spear  Conj/Erth      0%         10d2      100%        8
 Maxwell's Capacitive Co  Air            0%         ∞         100%        8
 Summon Horrible Things   Summ           0%         N/A       100%        8
 Chain Lightning          Conj/Air       0%         N/A       100%        9
 Death's Door             Necr           0%         N/A       100%        9
 Dragon's Call            Summ           0%         N/A       100%        9
 Fire Storm               Conj/Fire      0%         5d1       100%        9
 Shatter                  Erth           0%         3d5*      100%        9
 Sublimation of Blood     Necr           Unusable   N/A       N/A         2
 Animate Dead             Necr           Unusable   N/A       N/A         4

Dungeon Overview and Level Annotations

Branches:
Dungeon (15/15)            Temple (0/1) D:6            Lair (5/5) D:9
 Shoals (4/4) Lair:2       Spider (4/4) Lair:3        Slime (5/5) Lair:4
    Orc (2/2) D:12            Elf (3/3) Orc:2        Vaults (5/5) D:13
  Crypt (3/3) Vaults:3       Tomb (1/3) Crypt:3      Depths (4/4) D:15
   Hell (visited)             Dis (7/7) Hell            Geh (7/7) Hell
    Coc (7/7) Hell            Tar (7/7) Hell            Zot (5/5) Depths:4
  Sewer (visited)           IceCv (visited)         Volcano (visited)
 WizLab (visited)         Gauntlet (visited)

Altars:
Ashenzari
Dithmenos
Elyvilon
Fedhas
Gozag
Hepliaklqana
Kikubaaqudgha
Nemelex Xobeh
Okawaru
Ru
Sif Muna
Uskayaw
Wu Jian
Yredelemnul
The Shining One
Jiyva

Shops:
D:11 *=!:   D:14 =   Orc:1 *   Orc:2 (!([?   Elf:2 :=   Elf:3 [   Lair:4 =*
Shoals:1 :   Shoals:4 *:**   Vaults:3 :   Vaults:4 ?   Vaults:5 =   Crypt:3 *=
Hell [=*   Depths:1 =*[*   Depths:3 ((!=   Depths:4 ([

Portals:
Hell: Depths:1 Depths:2 Depths:3 Depths:4
Abyss: Depths:2 Depths:3
Pandemonium: Depths:2
Ziggurat: Depths:3

Annotations:
D:14 3 runed translucent doors, Merkmiralles's ghost, journeyman MiBe
Zot:2 3 runed translucent doors, Amplified's ghost, veteran MiSh


Innate Abilities, Weirdness & Mutations

You are a living statue of rough stone.
Your actions are slow, but your melee attacks are powerful.
You are resistant to unholy torment.
Your maximum health is greatly increased.
Your equipment is partially melded.
You are too large for most types of armour.
You are immune to poison.
You have claws for hands.
You heal very quickly.
((You are covered in thick fur. (AC +2)))
((You have tough skin. (AC +1)))
((You are partially covered in iridescent scales. (AC +2)))


Message History

What level of the Dungeon? (default 1, ? - help)
There is a stone staircase leading up here.
You climb upwards.
There is a stone staircase leading down here.
You sense a monster nearby.
There is an open door here.
A ynoxinul comes into view.
You block the ynoxinul's attack.
There is a stone staircase leading up here.
The ynoxinul gestures at you. You block the iron shot.
You block the ynoxinul's attack.
You climb upwards.
There is a stone staircase leading down here.
You mangle the ynoxinul!! You eviscerate the ynoxinul!!!!
You kill the ynoxinul!
You see here 7 gold pieces.
What level of the Dungeon? (default 1, ? - help)
An orange demon comes into view.
There is a stone staircase leading up here.
You climb upwards.
There is a stone staircase leading down here.
What level of the Dungeon? (default 1, ? - help)
A Brimstone Fiend comes into view.
Unknown command.
You eviscerate the Brimstone Fiend!!!
You block the Brimstone Fiend's attack. x3
You eviscerate the Brimstone Fiend!!!
You kill the Brimstone Fiend!
You see here 22 gold pieces.
What level of the Dungeon? (default 1, ? - help)
There is a stone staircase leading up here.
You climb upwards.
There is a stone staircase leading down here.
A hell beast comes into view.
You block the hell beast's attack. x4; The hell beast completely misses you.
The hell beast tramples you but does no damage.
Things that are here:
5 stones; a +0 short sword You eviscerate the hell beast!!!!
You kill the hell beast!
You see here 11 gold pieces.
What level of the Dungeon? (default 1, ? - help)
Things that are here:
5 stones; a +0 short sword
There is a stone staircase leading up here.
You climb upwards.
There is a stone staircase leading down here.
There is a staircase leading out of the dungeon here.
You can't go down here!
You have escaped!

......#..###.........###.....#
......#.## ##.......## ##.#..#
........# #.......# #.##.#
........## ##.......## ##.##.#
......#..###.........###..##.#
......#....................#.#
......#...........^..........#
..........................#..####
######..........8.........#......
#### #....................#..####
...###....................#..#
#.........................#..#
###...#..###.........###..#..#
..##..#.## ##.......## ##.#..###
......#.# #.......# #.#....#
#....##.## ##.......## ##....#.##
#....##..###.........###..#......


There were no monsters in sight!

Vanquished Creatures
  Cerebov (Pan)
  Antaeus (Coc:7)
  Asmodeus (Geh:7)
  the Royal Jelly (Slime:5)
  Ereshkigal (Tar:7)
  Gloorx Vloq (Pan)
  Lom Lobon (Pan)
  the Serpent of Hell (Geh:7)
  Mnoleg (Pan)
  Dispater (Dis:7)
  9 orbs of fire
  5 ancient liches
  8 dread liches
  Mennas (Depths:4)
  3 juggernauts (Dis:7)
  Xtahua (Vaults:3)
  6 royal mummies
  Boris (thrice) (Depths:4 Vaults:1 Crypt:1)
  2 Killer Klowns (Zot:5)
  Bai Suzhen (Vaults:5)
  Josephina (Depths:2)
  The ghost of Hauff the Metallomancer, a veteran GrEE of Ashenzari (Depths:2)
  22 shard shrikes
  33 caustic shrikes
  3 curse toes
  Nikola (Shoals:4)
  The ghost of Ukiefoc the Devastator, an adept DrFE of Vehumet (Vaults:2)
  15 golden dragons
  3 pandemonium lords (Pan)
  7 profane servitors
  Geryon (Hell)
  22 bone dragons
  Norris (Depths:2)
  9 doom hounds
  5 hellephants
  28 Tzitzimimeh
  10 iron giants
  16 Brimstone Fiends
  2 electric golems (Zot:5)
  17 Hell Sentinels
  21 Ice Fiends
  13 liches
  15 tentacled monstrosities
  20 tainted leviathans
  27 Orb Guardians
  10 searing wretches
  15 sphinxes
  9 quicksilver dragons
  A shard shrike skeleton (Abyss:3)
  A deep elf blademaster (Elf:3)
  18 acid blobs
  25 titans
  5 deep elf master archers
  The ghost of Bnni the Acrobat, an adept SpHu of Fedhas (Depths:2)
  12 death cobs
  Agnes (D:15)
  28 ancient champions
  19 Executioners
  2 krakens
  Kirke (Lair:5)
  An eldritch tentacle (Pan)
  6 tengu reavers
  14 tentacled starspawn
  16 storm dragons
  4 revenants
  11 shadow dragons
  7 protean progenitors
  5 draconian monks
  14 azure jellies
  9 draconian knights
  14 rockslimes
  The ghost of daxdoom the Severer, a journeyman MiBe of Trog (Shoals:2)
  20 fire giants
  2 daevas
  8 deep elf sorcerers (Elf:3)
  4 draconian shifters
  12 demonspawn warmongers (Pan)
  20 frost giants
  10 iron dragons
  17 vault wardens
  3 emperor scorpions (Spider:4)
  24 narguns
  Louise (Shoals:2)
  42 balrugs
  An orc warlord (Vaults:4)
  6 shard shrike simulacra
  4 curse skulls
  13 quicksilver elementals
  2 spectral juggernauts
  6 draconian scorchers
  A deep elf elementalist (Elf:3)
  7 ghost moths
  31 reapers
  A spectral caustic shrike (Tar:1)
  6 draconian stormcallers
  11 draconian annihilators
  A spriggan defender (Depths:2)
  14 cacodemons
  24 very ugly things
  The ghost of Pety the Fighter, a journeyman GrFi of Okawaru (Shoals:3)
  12 demonspawn corrupters (Pan)
  5 formless jellyfish
  10 quicksilver oozes
  2 broodmothers
  18 stone giants
  18 ironbound preservers
  7 ironbound thunderhulks
  2 caustic shrike skeletons
  20 war gargoyles
  6 demonspawn blood saints (Pan)
  10 vampire knights
  4 yellow draconians
  9 black draconians
  30 elemental wellsprings
  12 deep elf death magi
  12 dire elephants
  An ophan (Abyss:5)
  14 demonspawn black suns (Pan)
  A starflower (Abyss:4)
  16 lorocyprocas
  13 purple draconians
  10 green draconians
  11 deep elf demonologists
  2 bennus (Tomb:1)
  45 putrid mouths
  17 red draconians
  A spectral titan (Tar:2)
  A minotaur (Gauntlet)
  12 spark wasps
  13 wendigos
  11 deep elf annihilators
  14 white draconians
  19 iron golems
  12 blizzard demons
  11 eidola
  21 ettins
  20 green deaths
  6 crystal guardians
  A quicksilver dragon zombie (D:15)
  16 merfolk impalers
  3 merfolk javelineers
  4 jiangshi (Crypt:2)
  15 fire dragons
  15 mummy priests
  8 entropy weavers
  3 spectral spriggans
  16 yaktaur captains
  14 deep elf high priests
  11 great orbs of eyes
  14 rakshasas
  4 spriggan zombies
  5 hydras
  A kraken zombie (Hell)
  7 caustic shrike simulacra
  Harold (D:11)
  5 ice dragons
  30 vault guards
  11 salamander tyrants
  6 ogre magi
  A juggernaut simulacrum (Coc:7)
  A peacekeeper (Vaults:2)
  A sphinx zombie (Crypt:2)
  2 ghost crabs (Spider:2)
  10 ironbound frosthearts
  2 alligator snapping turtles (Shoals:2)
  3 merfolk avatars
  A radroach (Spider:3)
  6 stokers
  17 centaur warriors
  A two-headed ogre (shapeshifter) (Vaults:5)
  4 hell beasts
  3 jorogumos
  6 death knights
  2 satyrs
  2 catoblepae
  53 dancing weapons
  Erica (D:11)
  9 merfolk aquamancers
  10 boulder beetles
  32 death yaks
  18 two-headed ogres
  5 tengu warriors
  8 deep troll earth magi
  8 deep troll shamans
  15 death scarabs (Tomb:1)
  2 orc high priests (Elf:1)
  A spectral dire elephant (Tar:4)
  9 vampire magi
  Urug (D:13)
  16 demonic crawlers
  29 hell hogs
  An occultist (Pan)
  3 spriggan berserkers
  10 thrashing horrors
  38 soul eaters
  Nergalle (D:11)
  3 spriggans (Depths:4)
  4 titan zombies
  55 sun demons
  28 hell knights
  28 deep elf knights
  5 crystal echidnas
  11 wretched stars
  Amaemon (D:11)
  6 pharaoh ants
  9 iron trolls
  23 skeletal warriors
  2 storm dragon zombies
  5 spatial maelstroms
  12 skysharks
  31 shadow wraiths
  3 quicksilver dragon simulacra
  3 bunyip zombies (Hell)
  7 glowing orange brains
  13 sixfirhies
  A sun moth (Spider:4)
  14 sea snakes
  2 titan skeletons
  An iron giant zombie (Hell)
  2 spectral bunyips (Tar:1)
  2 spectral anacondas
  A kraken simulacrum (Shoals:4)
  14 shadow demons
  A spectral iron dragon (Tar:4)
  3 orange crystal statues
  27 ironbound convokers
  8 flayed ghosts
  50 deep trolls
  A spark wasp zombie (Crypt:2)
  A death drake (Abyss:5)
  2 tengu zombies (WizLab)
  A bunyip skeleton (Crypt:3)
  10 orb spiders
  An obsidian statue (Lair:5)
  Pikel (D:7)
  2 steelbarb worms (Spider:4)
  11 arcanists
  An orb spider (shapeshifter) (Vaults:5)
  32 harpies
  2 fenstrider witch simulacra (Coc:1)
  3 spriggan simulacra
  2 shadow dragon zombies
  10 lindwurms
  14 deep elf archers
  An iron giant skeleton (Crypt:3)
  3 orc knights
  2 frost giant zombies (WizLab)
  56 starcursed masses
  23 necromancers
  55 ugly things
  36 deep elf pyromancers
  25 manticores
  A fire giant zombie (WizLab)
  4 cyclopes
  21 deep elf zephyrmancers
  A mana viper (Abyss:5)
  18 phantasmal warriors
  3 orc sorcerers
  A sphinx simulacrum (Vaults:4)
  A stone giant zombie (Hell)
  A mana viper (shapeshifter) (Vaults:5)
  A spectral ettin (Tar:1)
  2 shining eyes (Slime:5)
  An alligator skeleton (Hell)
  3 salamanders
  18 wolf spiders
  A faun (shapeshifter) (Vaults:5)
  37 moths of wrath
  An iron dragon skeleton (Pan)
  14 elephants
  A manticore (shapeshifter) (Depths:2)
  11 fauns
  A will-o-the-wisp (Abyss:3)
  A spectral alligator snapping turtle (Tar:3)
  16 vault sentinels
  2 worldbinders
  A dire elephant zombie (Abyss:3)
  Maurice (D:11)
  4 eyes of devastation
  A guardian serpent (shapeshifter) (Depths:2)
  3 kobold blastminers
  12 merfolk sirens
  3 rust devils
  3 black mambas
  8 water nymphs
  3 apocalypse crabs
  A guardian serpent (Abyss:5)
  11 molten gargoyles
  4 dire elephant skeletons
  Joseph (D:8)
  5 ice statues
  10 cane toads
  A titan simulacrum (Coc:5)
  2 torpor snails (shapeshifter)
  A yaktaur zombie (WizLab)
  16 orange demons
  39 smoke demons
  5 torpor snails
  22 hellions
  A storm dragon simulacrum (Depths:2)
  An elephant slug zombie (Crypt:1)
  7 unseen horrors
  64 large abominations
  Jeremiah (D:7)
  An alligator snapping turtle skeleton (Crypt:3)
  Maggie (D:8)
  12 freezing wraiths
  11 komodo dragons
  8 rime drakes
  18 tormentors
  14 efreet
  4 iron giant simulacra
  2 bunyip simulacra
  2 tengu conjurers
  2 kobold demonologists
  A sea snake skeleton (Hell)
  8 ancient zymes
  2 golden dragon simulacra
  5 anaconda simulacra
  22 yaktaurs
  10 ice devils
  Psyche (D:8)
  7 red devils
  2 spectral harpies
  A spark wasp simulacrum (Depths:2)
  5 polar bears
  A harpy zombie (Crypt:2)
  4 silent spectres
  4 meliai
  3 hydra zombies (Hell)
  2 wind drakes
  16 guardian mummies
  32 merfolk
  4 trolls
  4 tyrant leeches (Spider:2)
  4 hornets
  15 hellwings
  2 harpy skeletons (Hell)
  22 tarantellas
  An alligator simulacrum (Coc:1)
  63 raiju
  22 blink frogs
  10 dream sheep
  2 hydra skeletons
  A snapping turtle (shapeshifter) (Vaults:5)
  3 ettin zombies
  2 glass eyes
  An iron dragon simulacrum (Coc:2)
  10 snapping turtles
  Prince Ribbit (D:5)
  A spectral elephant (Lair:5)
  A tarantella (shapeshifter) (Depths:2)
  4 stone giant simulacra
  101 slime creatures
  3 centaur simulacra
  A spectral black mamba (Tar:1)
  18 culicivoras
  27 flying skulls
  19 jumping spiders
  A merfolk skeleton (Hell)
  21 water elementals
  A spriggan skeleton (D:15)
  6 wyverns
  An air elemental (Elf:1)
  An ettin skeleton (Abyss:5)
  4 dire elephant simulacra
  10 ushabtiu
  4 shadows
  3 vampires
  38 ynoxinuls
  Eustachio (D:4)
  5 basilisks
  8 wraiths
  43 yaks
  8 golden eyes
  An ice dragon skeleton (Pan)
  8 fire bats (Abyss:3)
  16 neqoxecs
  2 steam dragons
  5 fire elementals
  A hog (Lair:5)
  23 chaos spawn
  A warg (Elf:1)
  45 redbacks
  8 vampire mosquitoes
  2 alligator snapping turtle simulacra
  A black mamba skeleton (Pan)
  A death yak simulacrum (Lair:5)
  24 small abominations
  11 harpy simulacra
  2 naga zombies
  A redback (shapeshifter) (Depths:2)
  A spectral cane toad (Lair:5)
  A naga (shapeshifter) (D:14)
  An ogre zombie (WizLab)
  A spatial vortex (Abyss:5)
  A swamp worm (shapeshifter) (Vaults:1)
  2 acid dragons (D:11)
  Menkaure (D:4)
  A human zombie (WizLab)
  19 water moccasins
  3 hydra simulacra
  A demonspawn zombie (Crypt:3)
  2 naga skeletons
  9 hell hounds (Abyss:3)
  4 ice beasts
  3 black bears
  A demonspawn skeleton (Crypt:1)
  35 orc warriors
  An ice dragon simulacrum (Coc:5)
  A sky beast (D:7)
  An ettin simulacrum (Coc:6)
  14 ogres
  An elephant zombie (Lair:5)
  26 wolves
  16 centaurs
  A lindwurm skeleton (Crypt:1)
  A swamp dragon skeleton (Crypt:1)
  A phantom (D:7)
  3 lemures (D:7)
  A blink frog skeleton (Crypt:2)
  Blork the orc (D:5)
  6 brain worms
  4 earth elementals
  4 kobold brigands
  2 gnoll sergeants
  15 bullfrogs
  A cane toad simulacrum (Lair:5)
  3 necrophages (Crypt:3)
  3 naga simulacra
  16 wights
  The ghost of jotaen the Covered, a weakling MiFi (D:4)
  3 elephant simulacra (Lair:5)
  16 killer bees
  4 electric eels
  8 howler monkeys
  A bullfrog zombie (Crypt:1)
  A quasit (Abyss:4)
  2 iron imps (Abyss:3)
  3 jellies
  21 orc priests
  5 hounds
  Crazy Yiuf (D:2)
  2 sleepcaps (D:6)
  Terence (D:3)
  2 iguanas
  21 orc wizards
  6 hell rats (Hell)
  A deep dwarf skeleton (Crypt:1)
  An acid dragon zombie (Crypt:2)
  2 crocodile skeletons
  9 mummies (Tomb:1)
  7 gnolls
  11 adders
  8 shadow imps
  15 white imps
  3 ufetubi
  A jelly zombie (Crypt:2)
  An adder skeleton (Crypt:1)
  A worm (D:3)
  3 dart slugs
  74 orcs
  10 endoplasms
  13 giant cockroaches
  14 goblins
  9 hobgoblins
  4 jackals (D:2)
  10 quokkas
  10 ball pythons
  8 bats
  9 frilled lizards
  A giant cockroach zombie (Crypt:2)
  20 kobolds
  7 rats
  3 aspiring fleshes
  3 creeping infernos
  4 fire vortices
  2 lurking horrors
  5 starspawn tentacles
  3 tentacles
4345 creatures vanquished.

Vanquished Creatures (others)
  A demonspawn warmonger (Pan)
  A fire giant (Geh:1)
  2 shard shrike simulacra
  2 reapers (Pan)
  A cacodemon (Pan)
  A deep elf demonologist (Elf:3)
  2 lorocyprocas (Pan)
  A green death (Pan)
  A soul eater (Pan)
  2 deep elf knights (Elf:3)
  A quicksilver dragon simulacrum (Coc:3)
  A spriggan simulacrum (Coc:3)
  2 smoke demons (Pan)
  A titan simulacrum (Coc:7)
  A tarantella (Spider:3)
  A raiju (Abyss:3)
  2 ynoxinuls (Pan)
  An alligator snapping turtle simulacrum (Coc:3)
  A golden eye (Abyss:4)
  A chaos spawn (Pan)
  A harpy simulacrum (Coc:4)
  A small abomination (Abyss:3)
  A naga simulacrum (Coc:4)
  An orc (Orc:2)
  6 ball lightnings (Pan)
  3 creeping infernos
  A fire vortex (Pan)
  2 lurking horrors
  24 starspawn tentacles
  20 tentacles
86 creatures vanquished.

Grand Total: 4431 creatures vanquished

Notes
Turn   | Place    | Note
-------+----------+-------------------------------------------
     0 | D:1      | James the Troll Gladiator began the quest for the Orb.
     0 | D:1      | Reached XP level 1. HP: 19/19 MP: 0/0
   270 | D:1      | Reached XP level 2. HP: 27/27 MP: 1/1
   976 | D:2      | Reached XP level 3. HP: 33/33 MP: 2/2
   988 | D:2      | Identified the +0 short sword of Terra Nullius {venom,
                  | Will+ Dex+3}
  1577 | D:2      | Reached XP level 4. HP: 41/41 MP: 3/3
  1581 | D:2      | Found a runed translucent door.
  1582 | D:2      | Noticed Crazy Yiuf
  1656 | D:3      | Found an opulent altar of Gozag.
  1666 | D:3      | Reached skill level 5 in Unarmed Combat
  1666 | D:3      | Reached skill level 1 in Shapeshifting
  1697 | D:3      | Became a worshipper of Gozag Ym Sagoz the Greedy
  1736 | D:3      | Reached XP level 5. HP: 46/48 MP: 4/4
  1868 | D:3      | Noticed Terence
  1875 | D:3      | Killed Terence
  1912 | D:3      | Found a blossoming altar of Fedhas.
  2133 | D:3      | Found a white marble altar of Elyvilon.
  2241 | D:4      | Noticed an ice beast
  2323 | D:4      | Noticed Eustachio
  2341 | D:4      | Killed Eustachio
  2342 | D:4      | Reached XP level 6. HP: 61/61 MP: 5/5
  2490 | D:4      | Reached XP level 7. HP: 52/66 MP: 6/6
  2581 | D:4      | Found a sparkling altar of Nemelex Xobeh.
  2652 | D:4      | Found a runed translucent door.
  2657 | D:4      | Noticed jotaen's ghost (weakling MiFi)
  2813 | D:4      | Noticed Menkaure
  2819 | D:4      | Killed Menkaure
  2820 | D:4      | Reached skill level 5 in Shapeshifting
  3138 | D:5      | Entered Level 5 of the Dungeon
  3170 | D:5      | Reached XP level 8. HP: 75/75 MP: 7/7
  3514 | D:5      | Noticed Prince Ribbit
  3547 | D:5      | Killed Prince Ribbit
  3651 | D:5      | Noticed Blork the orc
  3660 | D:5      | Killed Blork the orc
  4003 | D:6      | Reached XP level 9. HP: 47/81 MP: 8/8
  4090 | D:6      | Found a glowing drain.
  4094 | Sewer    | Entered a sewer
  4509 | D:6      | Found a staircase to the Ecumenical Temple.
  4796 | D:6      | Reached skill level 10 in Unarmed Combat
  5344 | D:4      | Killed jotaen's ghost
  5492 | D:2      | Killed Crazy Yiuf
  5742 | D:7      | Reached skill level 5 in Fighting
  6061 | D:7      | Noticed Jeremiah
  6069 | D:7      | Killed Jeremiah
  6070 | D:7      | Reached XP level 10. HP: 90/96 MP: 9/9
  6246 | D:7      | Noticed Pikel
  6265 | D:7      | Killed Pikel
  6573 | D:8      | Noticed Psyche
  6584 | D:8      | Paralysed by a hornet for 3 turns
  6589 | D:8      | Paralysed by a hornet for 1 turns
  6594 | D:8      | Killed Psyche
  6764 | D:8      | Noticed Maggie
  6771 | D:8      | Killed Maggie
  7008 | D:8      | Found an iron altar of Okawaru.
  7092 | D:8      | Found an ornate altar of the Wu Jian Council.
  7180 | D:8      | Found a glowing golden altar of the Shining One.
  7240 | D:8      | Noticed Joseph
  7250 | D:8      | Killed Joseph
  7285 | D:8      | Identified the +1 leather armour of the Turtle {rC+}
  7302 | D:8      | Found a basalt altar of Yredelemnul.
  7335 | D:8      | Found a broken altar of Ashenzari.
  7666 | D:9      | Noticed an elephant
  7680 | D:9      | Killed an elephant
  7686 | D:9      | Reached XP level 11. HP: 104/105 MP: 10/10
  7723 | D:9      | Found a staircase to the Lair.
  7961 | D:9      | Found a hazy altar of Hepliaklqana.
  8302 | D:10     | Entered Level 10 of the Dungeon
  8775 | D:10     | Found a hide-covered altar of Uskayaw.
  8775 | D:10     | Found an ancient bone altar of Kikubaaqudgha.
  9433 | D:10     | Noticed a two-headed ogre
  9438 | D:10     | Killed a two-headed ogre
  9511 | D:11     | Noticed Maurice
  9519 | D:11     | Killed Maurice
  9520 | D:11     | Reached skill level 15 in Unarmed Combat
  9551 | D:11     | Noticed a two-headed ogre
  9560 | D:11     | Noticed Erica
  9567 | D:11     | Killed a two-headed ogre
  9580 | D:11     | Killed Erica
  9657 | D:11     | Noticed Harold
  9668 | D:11     | Killed Harold
  9743 | D:11     | Noticed a two-headed ogre
  9744 | D:11     | Found Gatoqinoyng's Distillery.
  9747 | D:11     | Noticed a two-headed ogre
  9749 | D:11     | Killed a two-headed ogre
  9760 | D:11     | Killed a two-headed ogre
  9793 | D:11     | Noticed Nergalle
  9805 | D:11     | Killed Nergalle
  9815 | D:11     | Noticed a two-headed ogre
  9821 | D:11     | Killed a two-headed ogre
  9822 | D:11     | Reached skill level 10 in Shapeshifting
  9822 | D:11     | Reached XP level 12. HP: 94/114 MP: 11/11
 10022 | D:11     | Found Nesab Fezeo's Book Emporium.
 10053 | D:11     | Noticed Amaemon
 10069 | D:11     | Killed Amaemon
 10296 | D:11     | Noticed a two-headed ogre
 10301 | D:11     | Killed a two-headed ogre
 10302 | D:11     | Noticed a boulder beetle
 10337 | D:11     | Killed a boulder beetle
 10359 | D:11     | Noticed a two-headed ogre
 10365 | D:11     | Killed a two-headed ogre
 10740 | D:11     | Found Ucrusuci's Assorted Antiques.
 11111 | D:11     | Bought a potion of might for 44 gold pieces
 11111 | D:11     | Bought a potion of curing for 33 gold pieces
 11111 | D:11     | Bought a potion of curing for 33 gold pieces
 11111 | D:11     | Bought a potion of curing for 33 gold pieces
 11129 | D:11     | Bought a scroll of identify for 58 gold pieces
 11129 | D:11     | Bought a bone wand for 116 gold pieces
 11136 | D:11     | Bought the ring of Xubaipol {rPois rC+ Str+3} for 722 gold
                  | pieces
 11197 | Lair:1   | Entered Level 1 of the Lair of Beasts
 11695 | Lair:1   | Reached XP level 13. HP: 133/133 MP: 12/12
 11815 | Lair:1   | Reached skill level 10 in Fighting
 12015 | Lair:2   | Found a dark tunnel.
 12031 | Volcano  | Entered a volcano
 12356 | Lair:2   | Reached skill level 5 in Dodging
 12838 | Lair:2   | Found a staircase to the Shoals.
 13567 | Lair:3   | Found a frozen archway.
 13655 | IceCv    | Entered an ice cave
 13711 | IceCv    | Reached XP level 14. HP: 127/144 MP: 13/13
 14287 | IceCv    | Noticed a frost giant
 14324 | IceCv    | Killed a frost giant
 14592 | Lair:3   | Found a hole to the Spider Nest.
 15078 | Lair:3   | Reached XP level 15. HP: 156/156 MP: 14/14
 15529 | Lair:4   | Found a staircase to the Slime Pits.
 16368 | Lair:5   | Entered Level 5 of the Lair of Beasts
 16446 | Lair:5   | Noticed Kirke
 16467 | Lair:5   | Killed Kirke
 16473 | Lair:5   | Found a gate leading to a gauntlet.
 16483 | Gauntlet | Entered a Gauntlet
 16483 | Gauntlet | Found a transporter.
 16483 | Gauntlet | Found a transporter.
 16483 | Gauntlet | Found a transporter.
 16483 | Gauntlet | Found a runed translucent gate.
 16483 | Gauntlet | Found a runed translucent gate.
 16483 | Gauntlet | Found a runed translucent gate.
 16484 | Gauntlet | Found a transporter.
 16485 | Gauntlet | Found a transporter.
 16488 | Gauntlet | Found a transporter.
 16492 | Gauntlet | Found a runed translucent door.
 16494 | Gauntlet | Found a runed translucent door.
 16496 | Gauntlet | Found a transporter.
 16497 | Gauntlet | Found a transporter.
 16498 | Gauntlet | Found a transporter.
 16499 | Gauntlet | Found a transporter.
 16507 | Gauntlet | Found a transporter.
 16512 | Gauntlet | Found a transporter.
 16856 | Gauntlet | Identified the +0 scale mail of Terrible Happiness {Str-3
                  | Int+4 Slay+2}
 17228 | Lair:5   | Reached XP level 16. HP: 89/165 MP: 15/15
 18324 | D:12     | Found a staircase to the Orcish Mines.
 18686 | Lair:4   | Bought a granite talisman for 1080 gold pieces
 18775 | Lair:5   | Reached skill level 15 in Shapeshifting
 19312 | D:11     | Bought a ring of willpower for 425 gold pieces
 19374 | Orc:1    | Entered Level 1 of the Orcish Mines
 19524 | Orc:1    | Found Ysmij's Assorted Antiques.
 19532 | Orc:1    | Bought a scroll labelled ZEULUL MIANU for 31 gold pieces
 19572 | Orc:2    | Entered Level 2 of the Orcish Mines
 19662 | Orc:2    | Found a staircase to the Elven Halls.
 20512 | Orc:2    | Found Ofaor's Distillery.
 20512 | Orc:2    | Found Dael's Antique Weapon Boutique.
 20514 | Orc:2    | Found Puvyc Kucas's Antique Weapon Emporium.
 20516 | Orc:2    | Found Ceist's Antique Armour Shop.
 21000 | D:13     | Identified the +2 broad axe of the Fray {drain, Dex+5}
 21193 | D:13     | Noticed Urug
 21200 | D:13     | Killed Urug
 21201 | D:13     | Found a gate to the Vaults.
 21529 | D:14     | Found a shadowy altar of Dithmenos.
 21554 | D:14     | Found a runed translucent gate.
 21819 | D:14     | Found a runed translucent gate.
 21820 | D:14     | Found a runed translucent gate.
 22103 | D:14     | Got the Handbook of the Xenotype
 22549 | D:14     | Noticed Merkmiralles's ghost (journeyman MiBe)
 22549 | D:14     | Noticed an acid blob
 22552 | D:14     | Found a viscous altar of Jiyva.
 22844 | D:15     | Entered Level 15 of the Dungeon
 22956 | D:15     | Reached XP level 17. HP: 172/172 MP: 16/16
 23002 | D:15     | Found a shimmering blue altar of Sif Muna.
 23042 | D:15     | Noticed Agnes
 23049 | D:15     | Killed Agnes
 23184 | D:15     | Found a staircase to the Depths.
 23358 | D:15     | Identified the +8 flail of Sudden Death {speed, rPois rF+
                  | Str-4}
 23359 | D:15     | Upgraded the game from 0.31-a0-1272-g9f703e4c1d to
                  | 0.31-a0-1291-g5386780bc2
 23626 | D:15     | Identified the +3 war axe of Disintegration {flame, *Slow
                  | rPois rN++ rCorr}
 24009 | Spider:1 | Entered Level 1 of the Spider Nest
 27516 | Spider:4 | Entered Level 4 of the Spider Nest
 27774 | Spider:4 | Reached XP level 18. HP: 182/182 MP: 17/17
 28715 | Spider:4 | Got a gossamer rune of Zot
 28752 | Spider:4 | Reached XP level 19. HP: 188/188 MP: 18/18
 29146 | D:14     | Bought the ring "Wiutwua" {Will++ rCorr Dex+3} for 567 gold
                  | pieces
 29152 | D:14     | Bought the ring of Muugyc {Str+6 Dex+8 Slay-2} for 616 gold
                  | pieces
 29152 | D:14     | Bought the brooch of Shielding {Spirit SH+8} for 780 gold
                  | pieces
 29152 | D:14     | Found the brooch of Shielding {Spirit SH+8}
 29322 | Shoals:1 | Entered Level 1 of the Shoals
 29402 | Shoals:1 | Found Oklied's Book Shop.
 29409 | Shoals:1 | Reached skill level 5 in Shields
 30119 | Shoals:2 | Noticed Louise
 30138 | Shoals:2 | Killed Louise
 30587 | Shoals:2 | Noticed daxdoom's ghost (journeyman MiBe)
 30613 | Shoals:2 | Identified the ring of the Sun {Fire Will+ Dex+3 Slay+3
                  | Stlth+}
 30840 | Shoals:2 | Found a transporter.
 30850 | Shoals:2 | Found a transporter.
 31292 | Shoals:3 | Noticed Pety's ghost (journeyman GrFi)
 31492 | Shoals:3 | Found a runed translucent door.
 31898 | Shoals:3 | Killed Pety's ghost
 31925 | Shoals:4 | Entered Level 4 of the Shoals
 31953 | Shoals:4 | Found Xomnuuny's Gadget Gallery.
 31988 | Shoals:4 | Reached XP level 20. HP: 200/200 MP: 19/19
 32236 | Shoals:4 | Found Xalakiv's General Store.
 32239 | Shoals:4 | Found Kyzxuos's Specific Store.
 32350 | Shoals:4 | Found Umpurghac's Book Shoppe.
 32435 | Shoals:4 | Noticed Nikola
 32446 | Shoals:4 | Killed Nikola
 33002 | Shoals:4 | Got a barnacled rune of Zot
 33130 | Shoals:4 | Identified the amulet of Yhogoliu {Faith rPois Str+3 SInv}
 33454 | Elf:1    | Entered Level 1 of the Elven Halls
 33462 | Elf:1    | Paralysed by an air elemental for 1 turns
 33466 | Elf:1    | Paralysed by an air elemental for 1 turns
 33659 | Elf:1    | Got Nuwnoikk's Quarto of Adjuration
 34341 | Elf:2    | Reached skill level 15 in Fighting
 34397 | Elf:1    | Found an ancient bone altar of Kikubaaqudgha.
 34430 | Elf:2    | Found Nainekk's Jewellery Shoppe.
 34610 | Elf:2    | Found a runed translucent gate.
 34611 | Elf:2    | Found a runed translucent gate.
 34611 | Elf:2    | Found a runed translucent gate.
 34678 | Elf:2    | Reached skill level 10 in Dodging
 34683 | Elf:2    | Found Nerux's Vocational Training.
 35214 | Elf:3    | Entered Level 3 of the Elven Halls
 35308 | Elf:3    | Found Gimow's Armour Shoppe.
 35398 | Elf:3    | Reached XP level 21. HP: 218/218 MP: 18/20
 35772 | Elf:3    | Identified the +1 battleaxe "Saocyteos" {freeze, rElec rC+
                  | Will+ Dex-5}
 35776 | Elf:3    | Identified the +1 robe of Fashionability {rF+ Slay+3}
 36027 | Elf:3    | Identified the +1 rapier of Impatience {pain, *Noise rPois
                  | Int+2 Dex+2}
 36152 | Elf:3    | Identified the staff "X" {rElec rF- rN++ Str+3 Stlth+ Air}
 36645 | Elf:3    | Identified the ring "Sori" {rF- EV+5 Str+5}
 36761 | Elf:3    | Identified the +8 orcbow "Emoblot" {flame, Dex+2 SInv}
 36792 | Elf:3    | Got Sif Muna's Lectures on Fateful Contaminants
 36828 | Elf:3    | Got Qairphoed's Compilation of Hoarfrost and Bombardment
 37114 | Elf:3    | Found Gimow's Armour Shoppe.
 37983 | Depths:1 | Entered Level 1 of the Depths
 38329 | Depths:1 | Found Heann's Jewellery Boutique.
 38338 | Depths:1 | Found Veplocho's Antique Armour Shop.
 38338 | Depths:1 | Found Ununeyb's General Store.
 38383 | Depths:1 | Found Oshreydeo's General Store.
 38389 | Depths:1 | Bought 2 curare-tipped darts for 36 gold pieces
 38568 | Depths:1 | Found a sacrificial altar of Ru.
 38766 | Depths:1 | Found the +3 pair of seven-league boots {Rampage+∞}
 38768 | Depths:1 | Found a gateway to Hell.
 39395 | Depths:2 | Identified the ring of Xom's Flight of Fancy {Ice rElec
                  | rPois rCorr}
 39395 | Depths:2 | Noticed Josephina
 39406 | Depths:2 | Killed Josephina
 39410 | Depths:2 | Reached XP level 22. HP: 232/232 MP: 16/21
 39483 | Depths:2 | You fall into a shaft and drop 1 floor!
 39533 | Depths:2 | Noticed Norris
 39686 | Depths:2 | Noticed a golden dragon
 39815 | Depths:1 | Killed a golden dragon
 39962 | Depths:2 | Killed Norris
 39993 | Depths:2 | Found a one-way gate to the infinite horrors of the Abyss.
 40042 | Depths:2 | Found a transporter.
 40068 | Depths:2 | Noticed Hauff's ghost (veteran GrEE)
 40070 | Depths:2 | Noticed Bnni's ghost (adept SpHu)
 40086 | Depths:2 | Found a transporter.
 40573 | Depths:2 | Found a one-way gate leading to the halls of Pandemonium.
 40955 | Depths:3 | Found Heppippu's Jewellery Shoppe.
 41275 | Depths:3 | Found Osaeck's Weapon Boutique.
 41331 | Depths:3 | Found a one-way gateway to a ziggurat.
 41434 | Depths:3 | Found Xygunen's Antique Weapon Shop.
 41980 | Depths:3 | Found Marphi Hauto's Distillery.
 41987 | Depths:3 | Bought a potion of magic for 184 gold pieces
 42096 | Depths:4 | Entered Level 4 of the Depths
 42110 | Depths:4 | Noticed Boris
 42127 | Depths:4 | Killed Boris
 42400 | Vaults:1 | Entered Level 1 of the Vaults
 42723 | Vaults:1 | Noticed Boris
 42734 | Vaults:1 | Killed Boris
 42924 | Vaults:1 | Found a huge runed gate.
 42924 | Vaults:1 | Found a huge runed gate.
 42924 | Vaults:1 | Found a huge runed gate.
 42924 | Vaults:1 | Found a huge runed gate.
 42924 | Vaults:1 | Found a huge runed gate.
 42924 | Vaults:1 | Found a huge runed gate.
 42924 | Vaults:1 | Found a huge runed gate.
 42926 | Vaults:1 | Found a huge runed gate.
 42926 | Vaults:1 | Found a huge runed gate.
 42926 | Vaults:1 | Found a huge runed gate.
 42941 | Vaults:1 | Found a huge runed gate.
 42941 | Vaults:1 | Found a huge runed gate.
 42942 | Vaults:1 | Found a huge runed gate.
 42943 | Vaults:1 | Found a huge runed gate.
 42944 | Vaults:1 | Found a huge runed gate.
 42952 | Vaults:1 | Found a huge runed gate.
 42952 | Vaults:1 | Found a huge runed gate.
 42952 | Vaults:1 | Found a huge runed gate.
 42952 | Vaults:1 | Found a huge runed gate.
 42952 | Vaults:1 | Found a huge runed gate.
 42952 | Vaults:1 | Found a huge runed gate.
 42953 | Vaults:1 | Found a huge runed gate.
 42954 | Vaults:1 | Found a huge runed gate.
 42985 | Vaults:1 | Found a huge runed gate.
 42993 | Vaults:1 | Found a huge runed gate.
 42993 | Vaults:1 | Found a huge runed gate.
 42993 | Vaults:1 | Found a huge runed gate.
 42993 | Vaults:1 | Found a huge runed gate.
 42993 | Vaults:1 | Found a huge runed gate.
 42993 | Vaults:1 | Found a huge runed gate.
 42994 | Vaults:1 | Found a huge runed gate.
 42995 | Vaults:1 | Found a huge runed gate.
 42996 | Vaults:1 | Found a huge runed gate.
 43004 | Vaults:1 | Found a huge runed gate.
 43004 | Vaults:1 | Found a huge runed gate.
 43004 | Vaults:1 | Found a huge runed gate.
 43107 | Vaults:1 | Reached XP level 23. HP: 247/247 MP: 22/22
 44056 | Vaults:2 | Identified the flux talisman of Yvugir {rPois Will++ Dex+3}
 44087 | Vaults:2 | Identified the +0 giant spiked club of the Leaping
                  | Visionary {flame, rC+}
 44364 | Vaults:2 | Identified a scroll of acquirement
 44607 | Vaults:2 | Noticed Ukiefoc's ghost (adept DrFE)
 44608 | Vaults:2 | Found a transporter.
 44827 | Vaults:2 | Found a transporter.
 44839 | Vaults:2 | Killed Ukiefoc's ghost
 44974 | Vaults:3 | Found a magical portal.
 44985 | WizLab   | Entered Doroklohe's Tomb
 45129 | WizLab   | Noticed a royal mummy
 45134 | WizLab   | Killed a royal mummy
 45716 | Vaults:3 | Found a staircase to the Crypt.
 45736 | Vaults:3 | Noticed Xtahua
 45756 | Vaults:3 | Killed Xtahua
 46006 | Vaults:3 | Found Itey's Book Shop.
 46162 | Vaults:3 | Found a huge runed gate.
 46162 | Vaults:3 | Found a huge runed gate.
 46162 | Vaults:3 | Found a huge runed gate.
 46162 | Vaults:3 | Found a huge runed gate.
 46162 | Vaults:3 | Found a huge runed gate.
 46162 | Vaults:3 | Found a huge runed gate.
 46163 | Vaults:3 | Found a huge runed gate.
 46163 | Vaults:3 | Found a huge runed gate.
 46163 | Vaults:3 | Found a huge runed gate.
 46163 | Vaults:3 | Found a huge runed gate.
 46163 | Vaults:3 | Found a huge runed gate.
 46164 | Vaults:3 | Found a huge runed gate.
 46165 | Vaults:3 | Found a huge runed gate.
 46167 | Vaults:3 | Found a huge runed gate.
 46168 | Vaults:3 | Found a huge runed gate.
 46169 | Vaults:3 | Found a huge runed gate.
 46193 | Vaults:3 | Noticed a dread lich
 46195 | Vaults:3 | Paralysed by a dread lich for 4 turns
 46202 | Vaults:3 | Killed a dread lich
 46535 | Vaults:3 | Found a huge runed gate.
 46535 | Vaults:3 | Found a huge runed gate.
 46535 | Vaults:3 | Found a huge runed gate.
 46535 | Vaults:3 | Found a huge runed gate.
 46535 | Vaults:3 | Found a huge runed gate.
 46535 | Vaults:3 | Found a huge runed gate.
 46535 | Vaults:3 | Found a huge runed gate.
 46536 | Vaults:3 | Found a huge runed gate.
 46537 | Vaults:3 | Found a huge runed gate.
 46560 | Vaults:3 | Found a huge runed gate.
 46560 | Vaults:3 | Found a huge runed gate.
 46560 | Vaults:3 | Found a huge runed gate.
 46560 | Vaults:3 | Found a huge runed gate.
 46560 | Vaults:3 | Found a huge runed gate.
 46560 | Vaults:3 | Found a huge runed gate.
 46561 | Vaults:3 | Found a huge runed gate.
 46562 | Vaults:3 | Found a huge runed gate.
 46563 | Vaults:3 | Found a huge runed gate.
 46571 | Vaults:3 | Found a huge runed gate.
 46571 | Vaults:3 | Found a huge runed gate.
 46573 | Vaults:3 | You fall into a shaft and drop 1 floor!
 47347 | Vaults:4 | Found Cyvoc's Magic Scroll Shoppe.
 47486 | Vaults:4 | Reached XP level 24. HP: 261/261 MP: 20/22
 48757 | Depths:4 | Found a gate to the Realm of Zot.
 48818 | Depths:4 | Found Buitoas's Weapon Shoppe.
 48824 | Depths:4 | Found Laihah's Antique Armour Shoppe.
 48926 | Depths:4 | Noticed Mennas
 48941 | Depths:4 | Killed Mennas
 49136 | Depths:3 | Identified the +4 quarterstaff of Descent {spect, rCorr}
 49733 | Shoals:2 | Killed daxdoom's ghost
 49808 | Shoals:2 | Identified the +1 plate armour of Gofiy {rN+}
 49809 | Shoals:2 | Identified the +0 short sword of Boidy Jarr {venom, rElec
                  | Will+ Stlth+}
 50116 | Vaults:4 | Reached XP level 25. HP: 273/273 MP: 22/22
 50121 | Vaults:5 | Entered Level 5 of the Vaults
 50247 | Vaults:5 | Noticed Bai Suzhen
 50256 | Vaults:5 | Killed Bai Suzhen
 50478 | Vaults:5 | Reached skill level 10 in Shields
 50508 | Vaults:5 | Identified the amulet of Nydoros {Spirit rN+ Str+6}
 50572 | Vaults:5 | Identified the ring of the Greedy {rPois rN+ Int+6 SInv}
 51020 | Vaults:5 | Reached XP level 26. HP: 283/283 MP: 22/22
 51206 | Vaults:5 | Identified the +0 robe of the Last Knives {rElec rF+ Dex+7}
 51283 | Vaults:5 | Found Moda's Jewellery Shop.
 51513 | Vaults:5 | Identified the +2 dagger of Dim Light {flame, rElec rF+ rN+
                  | Dex+3}
 51781 | Vaults:5 | Got a silver rune of Zot
 52473 | Vaults:5 | Found Moda's Jewellery Shop.
 52835 | Vaults:5 | Bought the ring "Yqaeghas" {rF+ rN+} for 615 gold pieces
 53092 | Depths:2 | Killed Hauff's ghost
 53101 | Depths:2 | Killed Bnni's ghost
 53169 | Depths:2 | Got the Compilation of Degeneration
 53172 | Depths:2 | Acquired the ring "Zyupt" {rC+ Will+ Int+3 Dex+6}
 53178 | Depths:2 | Acquired a manual of Dodging
 53417 | Crypt:1  | Entered Level 1 of the Crypt
 53838 | Crypt:1  | Noticed Boris
 53844 | Crypt:1  | Killed Boris
 55507 | Crypt:3  | Entered Level 3 of the Crypt
 55773 | Crypt:3  | Identified the ring "Uzuwadgh" {rF+ rC+ rN+ Dex+3}
 55773 | Crypt:3  | Identified the ring of Generosity {rPois rN+}
 55773 | Crypt:3  | Identified the ring "Turcheh" {rF+ rN+ Int+4}
 55872 | Crypt:3  | Reached skill level 15 in Dodging
 55925 | Crypt:3  | Noticed a dread lich
 55939 | Crypt:3  | Killed a dread lich
 55968 | Crypt:3  | Found a basalt altar of Yredelemnul.
 56228 | Crypt:3  | Found a staircase to the Tomb.
 56396 | Crypt:3  | Identified the ring of Summer {+Blink rElec rC- rN+ SInv}
 56549 | Crypt:3  | Bought a scroll of revelation for 240 gold pieces
 56602 | Tomb:1   | Entered Level 1 of the Tomb of the Ancients
 56763 | Tomb:1   | Reached XP level 27. HP: 292/292 MP: 20/22
 56768 | Tomb:1   | Noticed a royal mummy
 56784 | Tomb:1   | Killed a royal mummy
 57650 | Depths:2 | Voluntarily entered the Abyss.
 57797 | Abyss:3  | Found a corrupted altar of Lugonu.
 58109 | Abyss:3  | Lost intelligence.
 58133 | Abyss:3  | Paralysed by accursed screaming for 1 turns
 58147 | Abyss:3  | Gained mutation: You are weak. (Str -2) [a neqoxec]
 58249 | Abyss:3  | Noticed a dread lich
 58254 | Abyss:3  | Killed a dread lich
 58255 | Abyss:3  | Reached skill level 15 in Shields
 58612 | Abyss:4  | Found a corrupted altar of Lugonu.
 58612 | Abyss:4  | Found a corrupted altar of Lugonu.
 58853 | Abyss:5  | Found a corrupted altar of Lugonu.
 58956 | Abyss:5  | Got an abyssal rune of Zot
 59013 | Depths:2 | Escaped the Abyss
 59253 | Slime:1  | Entered Level 1 of the Pits of Slime
 59570 | Slime:3  | Reached skill level 27 in Unarmed Combat
 59669 | Slime:5  | Entered Level 5 of the Pits of Slime
 59684 | Slime:5  | Gained mutation: You occasionally lose the ability to drink
                  | potions when taking damage. [a shining eye]
 59685 | Slime:5  | Gained mutation: Your body sometimes deteriorates upon
                  | taking damage. [a shining eye]
 59686 | Slime:5  | Gained mutation: You are frail. (-10% HP) [a shining eye]
 59687 | Slime:5  | Gained mutation: Armour fits poorly on your strangely
                  | shaped body. [a shining eye]
 59707 | Slime:5  | Noticed the Royal Jelly
 59714 | Slime:5  | Killed the Royal Jelly
 59877 | Slime:5  | Identified the +5 falchion of Uqiuquph {elec, Str-5 Int+6
                  | SInv}
 60020 | Slime:5  | Found the +4 skin of Zhor {*Englaciate rC+++ SInv}
 60046 | Slime:5  | Got a slimy rune of Zot
 60127 | Slime:5  | Identified the +3 great sword of Boosenk {venom, *Corrode
                  | Int+4}
 60139 | Slime:5  | Identified the +4 quarterstaff of Might {flame, *Rage rF++}
 60873 | Orc:2    | Bought a glowing tower shield for 142 gold pieces
 60900 | Orc:2    | Bought a scroll of enchant armour for 165 gold pieces
 60900 | Orc:2    | Bought a scroll of enchant armour for 165 gold pieces
 60900 | Orc:2    | Bought a scroll of blinking for 165 gold pieces
 60911 | Orc:2    | Lost mutation: Armour fits poorly on your strangely shaped
                  | body. [potion of mutation]
 60911 | Orc:2    | Lost mutation: You are weak. (Str -2) [potion of mutation]
 60911 | Orc:2    | Lost mutation: You occasionally lose the ability to drink
                  | potions when taking damage. [potion of mutation]
 60911 | Orc:2    | Gained mutation: You are dopey. (Int -2) [potion of
                  | mutation]
 60912 | Orc:2    | Lost mutation: You are dopey. (Int -2) [potion of mutation]
 60912 | Orc:2    | Lost mutation: Your body sometimes deteriorates upon taking
                  | damage. [potion of mutation]
 60912 | Orc:2    | Gained mutation: You are partially covered in iridescent
                  | scales. (AC +2) [potion of mutation]
 61120 | Hell     | Entered the Vestibule of Hell
 61120 | Hell     | Noticed Geryon
 61135 | Abyss:5  | Cast into level 5 of the Abyss (reaper)
 61179 | Abyss:5  | Gained mutation: You are mostly covered in iridescent
                  | scales. (AC +4) [a cacodemon]
 61323 | Abyss:5  | Paralysed by accursed screaming for 1 turns
 61349 | Hell     | Escaped the Abyss
 61369 | Hell     | Found a gateway to the ashen valley of Gehenna.
 61642 | Hell     | Killed Geryon
 62030 | Hell     | Found a gateway to the Iron City of Dis.
 62165 | Hell     | Found a gateway to the decaying netherworld of Tartarus.
 62277 | Hell     | Found a gateway to the freezing wastes of Cocytus.
 62422 | Hell     | Upgraded the game from 0.31-a0-1291-g5386780bc2 to
                  | 0.31-a0-1301-g7e11add784
 62449 | Dis:1    | Entered Level 1 of the Iron City of Dis
 63068 | Dis:5    | Noticed a royal mummy
 63072 | Dis:5    | Noticed a royal mummy
 63074 | Dis:5    | Killed a royal mummy
 63074 | Dis:5    | Noticed a royal mummy
 63088 | Dis:5    | Killed a royal mummy
 63108 | Dis:5    | Noticed a dread lich
 63108 | Dis:5    | Killed a royal mummy
 63110 | Dis:5    | Noticed an ancient lich
 63111 | Dis:5    | Killed a dread lich
 63116 | Dis:5    | Killed an ancient lich
 63438 | Dis:7    | Entered Level 7 of the Iron City of Dis
 63888 | Dis:7    | Noticed a juggernaut
 63891 | Dis:7    | Killed a juggernaut
 64170 | Dis:7    | Noticed a juggernaut
 64174 | Dis:7    | Killed a juggernaut
 64226 | Dis:7    | Identified the +9 halberd of Kismet {heavy, ^Fragile Str-2
                  | Int+2 Dex+7}
 64969 | Dis:7    | Noticed a juggernaut
 64975 | Dis:7    | Noticed Dispater
 64983 | Dis:7    | Killed a juggernaut
 64998 | Dis:7    | Killed Dispater
 65027 | Dis:7    | Got an iron rune of Zot
 65270 | Hell     | Bought the +2 hood of the Assassin {Detect Stab+ Stlth++}
                  | for 1860 gold pieces
 65270 | Hell     | Found the +2 hood of the Assassin {Detect Stab+ Stlth++}
 65316 | Tar:1    | Entered Level 1 of Tartarus
 65846 | Tar:4    | Noticed an ancient lich
 65853 | Tar:4    | Killed an ancient lich
 66070 | Tar:7    | Entered Level 7 of Tartarus
 66956 | Tar:7    | Got the Volume of Aeromancy
 67306 | Tar:7    | Identified the +7 war axe "Mainuguz" {drain, rElec rF+
                  | Str+5 Stlth-}
 67388 | Tar:7    | Got the Textbook on Displaced Unspeakable Words
 67394 | Tar:7    | Identified the ring of Giowopio {rC+ Str+10 Int-2 Dex-5}
 68813 | Tar:7    | Noticed Ereshkigal
 68841 | Tar:7    | Killed Ereshkigal
 68853 | Tar:7    | Got a bone rune of Zot
 69664 | Geh:1    | Entered Level 1 of Gehenna
 70082 | Geh:4    | You fall into a shaft and drop 1 floor!
 70436 | Geh:7    | Entered Level 7 of Gehenna
 70907 | Geh:7    | Noticed the Serpent of Hell
 70924 | Geh:7    | Killed the Serpent of Hell
 71501 | Geh:7    | Identified the staff of Linearity {rElec rC+ Int+2 Air}
 71813 | Geh:7    | Identified the amulet of Symmetry {Spirit Dex+5}
 71886 | Geh:7    | Found the +13 sceptre of Asmodeus
 71886 | Geh:7    | Noticed Asmodeus
 71901 | Geh:7    | Killed Asmodeus
 71952 | Geh:7    | Got an obsidian rune of Zot
 71953 | Geh:7    | Identified the -2 helmet of Submission {Str+5}
 72127 | Hell     | Bought a potion of haste for 170 gold pieces
 72127 | Hell     | Bought a scroll of revelation for 127 gold pieces
 72127 | Hell     | Bought a scroll of blinking for 127 gold pieces
 72131 | Coc:1    | Entered Level 1 of Cocytus
 72249 | Coc:2    | Lost intelligence.
 72708 | Coc:3    | Noticed a dread lich
 72768 | Coc:3    | Paralysed by a wendigo for 1 turns
 72783 | Coc:3    | Paralysed by a wendigo for 1 turns
 72835 | Coc:3    | Killed a dread lich
 73636 | Coc:6    | Reached skill level 1 in Stealth
 74046 | Coc:7    | Entered Level 7 of Cocytus
 74108 | Coc:7    | Reached skill level 5 in Stealth
 74547 | Coc:7    | Paralysed by a wendigo for 1 turns
 75603 | Coc:7    | Paralysed by a wendigo for 1 turns
 75931 | Coc:7    | Paralysed by a wendigo for 1 turns
 76038 | Coc:7    | Paralysed by a wendigo for 1 turns
 76110 | Coc:7    | Paralysed by a wendigo for 1 turns
 76615 | Coc:7    | Identified the +0 plate armour of Shielding {+Inv rC- SInv}
 76638 | Coc:7    | Noticed Antaeus
 76781 | Coc:7    | Killed Antaeus
 76796 | Coc:7    | Got an icy rune of Zot
 77136 | Coc:7    | Got the Elucidation of Vile Ashes
 77140 | Coc:7    | Identified the +7 flail of the Blue Skies {antimagic,
                  | ^Contam ^Fragile rPois rN+++}
 77548 | Orc:2    | Bought a potion of haste for 130 gold pieces
 77548 | Orc:2    | Bought a potion of might for 52 gold pieces
 77605 | Orc:1    | Bought a potion of might for 124 gold pieces
 77605 | Orc:1    | Bought a short sword for 93 gold pieces
 77606 | Orc:1    | Bought a scroll of teleportation for 93 gold pieces
 77606 | Orc:1    | Bought 2 potions of curing for 186 gold pieces
 77809 | Depths:3 | Bought a potion of haste for 230 gold pieces
 77809 | Depths:3 | Bought a potion of enlightenment for 115 gold pieces
 77809 | Depths:3 | Bought a potion of haste for 230 gold pieces
 77809 | Depths:3 | Bought a potion of might for 92 gold pieces
 78094 | Lair:4   | Bought a potion of might for 136 gold pieces
 78094 | Lair:4   | Bought a potion of curing for 102 gold pieces
 78094 | Lair:4   | Bought a potion of cancellation for 272 gold pieces
 78094 | Lair:4   | Bought a scroll of teleportation for 102 gold pieces
 78094 | Lair:4   | Bought a potion of curing for 102 gold pieces
 78308 | Depths:1 | Bought 2 potions of haste for 300 gold pieces
 78308 | Depths:1 | Bought a scroll of teleportation for 45 gold pieces
 78390 | Pan      | Entered Pandemonium
 78470 | Pan      | Reached skill level 10 in Stealth
 79308 | Pan      | Noticed Ceud the pandemonium lord
 79329 | Pan      | Killed Ceud the pandemonium lord
 79345 | Pan      | Got a demonic rune of Zot
 79497 | Pan      | Found a transporter.
 79817 | Pan      | Found a transporter.
 80239 | Pan      | Paralysed by a Zot trap for 4 turns
 80378 | Pan      | Identified the ring of Fopsio {rF++ Will+ Dex+3 SInv}
 80391 | Pan      | Identified the ring "Unkumiaq" {rElec Will+++ MP+9 Str+3
                  | Stlth-}
 80756 | Pan      | Gained mutation: Potions are less effective at restoring
                  | your health. [a cacodemon]
 80914 | Pan      | Got the Directory of Portals and the Crypt
 80918 | Pan      | Found a transporter.
 80922 | Pan      | Identified the ring "Dayvacu" {Fly Str+6}
 81005 | Pan      | Found a transporter.
 81214 | Pan      | Entered the realm of Mnoleg.
 81317 | Pan      | Gained mutation: You are vulnerable to cold. (rC-) [a
                  | neqoxec]
 81682 | Pan      | Noticed Mnoleg
 81716 | Pan      | Killed Mnoleg
 81748 | Pan      | Got a glowing rune of Zot
 81894 | Pan      | Found an exit through the horrors of the Abyss.
 81928 | Pan      | Entered the realm of Lom Lobon.
 81969 | Pan      | Reached skill level 27 in Shields
 82123 | Pan      | Noticed Lom Lobon
 82143 | Pan      | Killed Lom Lobon
 82171 | Pan      | Got a magical rune of Zot
 82609 | Pan      | Entered the realm of Cerebov.
 82887 | Pan      | Found the +6 sword of Cerebov {flame}
 82887 | Pan      | Noticed Cerebov
 82902 | Pan      | Killed Cerebov
 83030 | Pan      | Identified the +3 hand axe "Ifoimap" {venom, rC+}
 83072 | Pan      | Identified the ring "Kaugoav" {rF+ EV+5}
 83114 | Pan      | Identified the ring of the Quahog {rPois rF- Str+3 SInv}
 83116 | Pan      | Identified the staff "Gaw Uzxu" {rC+ rCorr Ice}
 83249 | Pan      | Identified the +0 mace "Nitodim" {flame, rC+ Dex+6}
 83378 | Pan      | Got a fiery rune of Zot
 83483 | Pan      | Entered the realm of Gloorx Vloq.
 83768 | Pan      | Noticed Gloorx Vloq
 83780 | Pan      | Killed Gloorx Vloq
 83834 | Pan      | Got a dark rune of Zot
 84259 | Pan      | Reached skill level 27 in Fighting
 84526 | Pan      | Noticed Foer the pandemonium lord
 84538 | Pan      | Killed Foer the pandemonium lord
 84919 | Pan      | Noticed Ywiedil the pandemonium lord
 84940 | Pan      | Killed Ywiedil the pandemonium lord
 85976 | Pan      | Found an exit through the horrors of the Abyss.
 86000 | Pan      | Took an exit into the Abyss.
 86000 | Abyss:5  | Escaped into the Abyss
 86101 | Abyss:5  | Lost intelligence.
 86147 | Abyss:5  | Paralysed by accursed screaming for 2 turns
 86155 | Abyss:5  | Paralysed by accursed screaming for 2 turns
 86170 | Abyss:5  | Paralysed by accursed screaming for 2 turns
 86205 | Abyss:5  | Found a corrupted altar of Lugonu.
 86212 | Abyss:5  | Found a hide-covered altar of Uskayaw.
 86279 | Depths:2 | Escaped the Abyss
 86826 | Tomb:1   | Noticed a royal mummy
 86842 | Tomb:1   | Killed a royal mummy
 87627 | Depths:4 | Lost mutation: You are vulnerable to cold. (rC-) [potion of
                  | mutation]
 87627 | Depths:4 | Lost mutation: Potions are less effective at restoring your
                  | health. [potion of mutation]
 87627 | Depths:4 | Lost mutation: You are mostly covered in iridescent scales.
                  | (AC +4) [potion of mutation]
 87627 | Depths:4 | Gained mutation: Your mind is acute. (Int +4, Str/Dex -1)
                  | [potion of mutation]
 87627 | Depths:4 | Gained mutation: You have hidden genetic potential. [potion
                  | of mutation]
 87627 | Depths:4 | Gained mutation: You passively dampen the noise of your
                  | surroundings. [potion of mutation]
 87628 | Depths:4 | Lost mutation: Your mind is acute. (Int +4, Str/Dex -1)
                  | [potion of mutation]
 87628 | Depths:4 | Lost mutation: You passively dampen the noise of your
                  | surroundings. [potion of mutation]
 87628 | Depths:4 | Lost mutation: You are frail. (-10% HP) [potion of
                  | mutation]
 87647 | Zot:1    | Entered Level 1 of the Realm of Zot
 88623 | Zot:2    | Found a runed translucent gate.
 88623 | Zot:2    | Found a runed translucent gate.
 88623 | Zot:2    | Found a runed translucent gate.
 88626 | Zot:2    | Noticed Amplified's ghost (veteran MiSh)
 89029 | Zot:2    | Found a blossoming altar of Fedhas.
 90655 | Zot:4    | Noticed an ancient lich
 90655 | Zot:4    | Noticed a dread lich
 90674 | Zot:4    | Killed a dread lich
 90699 | Zot:4    | Killed an ancient lich
 90708 | Zot:4    | Gained mutation: You heal very quickly. [hidden potential]
 90753 | Zot:4    | Noticed an orb of fire
 90768 | Zot:4    | Killed an orb of fire
 91413 | Zot:5    | Entered Level 5 of the Realm of Zot
 91891 | Zot:5    | Noticed an ancient lich
 91894 | Zot:5    | Noticed a dread lich
 91897 | Zot:5    | Noticed an orb of fire
 91897 | Zot:5    | Noticed an orb of fire
 91897 | Zot:5    | Noticed an orb of fire
 91900 | Zot:5    | Noticed an ancient lich
 91903 | Zot:5    | Killed a dread lich
 91905 | Zot:5    | Killed an ancient lich
 91908 | Zot:5    | Gained mutation: You are weak. (Str -2) [an orb of fire]
 91910 | Zot:5    | Killed an orb of fire
 91912 | Zot:5    | Killed an ancient lich
 91913 | Zot:5    | Noticed an orb of fire
 91917 | Zot:5    | Killed an orb of fire
 91919 | Zot:5    | Killed an orb of fire
 91933 | Zot:5    | Killed an orb of fire
 91947 | Zot:5    | Noticed an orb of fire
 91947 | Zot:5    | Noticed an orb of fire
 91956 | Zot:5    | Killed an orb of fire
 91965 | Zot:5    | Noticed an orb of fire
 91968 | Zot:5    | Noticed an orb of fire
 91975 | Zot:5    | Killed an orb of fire
 91987 | Zot:5    | Killed an orb of fire
 91993 | Zot:5    | Gained mutation: You are frail. (-10% HP) [an orb of fire]
 91998 | Zot:5    | Gained mutation: You are clumsy. (Dex -2) [an orb of fire]
 92001 | Zot:5    | Noticed a dread lich
 92002 | Zot:5    | Killed an orb of fire
 92003 | Zot:5    | Reached skill level 27 in Dodging
 92010 | Zot:5    | Reached skill level 1 in Armour
 92016 | Zot:5    | Killed a dread lich
 92435 | Zot:5    | Reached skill level 5 in Armour
 93023 | Zot:5    | Lost mutation: You are frail. (-10% HP) [potion of
                  | mutation]
 93023 | Zot:5    | Lost mutation: You have hidden genetic potential. [potion
                  | of mutation]
 93023 | Zot:5    | Lost mutation: You are clumsy. (Dex -2) [potion of
                  | mutation]
 93023 | Zot:5    | Gained mutation: You are covered in thick fur. (AC +2)
                  | [potion of mutation]
 93023 | Zot:5    | Lost mutation: You are weak. (Str -2) [potion of mutation]
 93042 | Zot:5    | Got the Orb of Zot
 93621 | D:$      | Escaped with the Orb!

Illustrated notes

Levels and vault maps discovered:
D:1:      minmay_arrival_four_circles, layout_basic, minmay_misc_feat_iff,
          amcnicky_mini_rare_corridor_liquid, hangedman_glass_teeth,
          chequers_serial_rivers_room_b
D:2:      layout_loops_ring, uniq_crazy_yiuf_cottage
D:3:      layout_basic, lemuel_tele_altar, mainiacjoe_overflow_paths,
          mainiacjoe_overflow_concentric_impassable, uniq_terence
D:4:      layout_basic, nemelex_diamond_rough_becter,
          ebering_ghost_reflecting_pool, uniq_menkaure, uniq_eustachio
D:5:      layout_basic, minmay_misc_feat_tower, uniq_prince_ribbit1,
          uniq_blork_the_orc
D:6:      layout_cave_pods, minmay_temple_entry_hall, gup_sewer_entry_spiral,
          kennysheep_flooded_box, grunt_ministairs_14, serial_park_tiny_1,
          minmay_ogre_servants
D:7:      layout_basic, uniq_jeremiah, uniq_pikel
D:8:      layout_cave_pods, general_overflow_altar, okawaru_ov_weapons_minmay,
          nicolae_overflow_hidden_temple, marbit_many_paths,
          mainiacjoe_overflow_alcove_4, uniq_maggie, uniq_psyche, uniq_joseph
D:9:      layout_basic, nicolae_hepliaklqana_hazy_memory, david_lair_generic
D:10:     layout_stronghold, nicolae_overflow_two_pavilions
D:11:     nzn_winding_woodlands_stair_cross
          [nzn_winding_woodlands_5x15_split_checker,
          nzn_winding_woodlands_center_triple_pond,
          nzn_winding_woodlands_5x15_lazy_stream,
          nzn_winding_woodlands_5x5_default, nzn_winding_woodlands_5x5_cross,
          nzn_winding_woodlands_5x15_pathside_ponds,
          nzn_winding_woodlands_center_diamonds,
          nzn_winding_woodlands_5x15_crooked], layout_basic, serial_shops,
          nicolae_shop_window_shopping, nicolae_square_shop,
          nicolae_shop_overgrown_old_shop, uniq_erica, uniq_amaemon,
          uniq_maurice, uniq_nergalle, uniq_harold
D:12:     layout_cave_pools, hiddenorc1_lemuel, minmay_misc_feat_alley
D:13:     layout_gridville, erik_vaults_1, minmay_beelzebubs_servants, uniq_urug
D:14:     cheibrodos_hippocracy, layout_stronghold, gammafunk_ghost_ooze,
          grunt_dithmenos_smoke_and_mirrors
D:15:     gammafunk_depths_entry_grave, layout_stronghold, led_sif_pool,
          uniq_agnes
Lair:1:   layout_hall_layers
Lair:2:   layout_long_grid, elwin_shoals_entry_stream,
          nicolae_volcano_entry_vermiform
Lair:3:   layout_gridlike, dummy_spider_entry, portal_ice_cave_entry_imps,
          chequers_serial_rivers_large_b, st_stairs_9, nzn_sisyphean_effort,
          infiniplex_staircase_pool
Lair:4:   layout_loops_ring, slime_entry_1, serial_bayou_shore_b,
          lemuel_fruit_fields
Lair:5:   due_jungle_book, layout_cellular_growth, gauntlet_entry_generic,
          uniq_kirke
Shoals:1: layout_shoals, serial_shops, shop, nicolae_shoals_flooded_hall
Shoals:2: layout_shoals, ebering_ghost_davey_jones, uniq_louise
Shoals:3: layout_shoals, hellmonk_ghost_happy_afterlife
Shoals:4: shoals_end_grunt_ice, layout_shoals, serial_shops, shop,
          nicolae_specific_store, nicolae_shop_gadgets, uniq_nikola
Spider:1: layout_spider_delve
Spider:2: layout_spider_delve, nicolae_spider_swamp_cousins
Spider:3: layout_spider_delve, nicolae_spider_cling_halls
Spider:4: grunt_spider_rune_parallel
Slime:1:  cheibrodos_slime_lost_civilization_2, layout_caves, special_room
          [special_room_jelly], nicolae_slime_phagocytosis
Slime:2:  layout_caves
Slime:3:  layout_caves
Slime:4:  layout_caves, special_room [special_room_jelly],
          nicolae_slime_getting_an_eyeful
Slime:5:  slime_pit_nicolae_inversion
Orc:1:    layout_diamond_mine, serial_shops, shop
Orc:2:    st_orc_rangers, layout_caves, nicolae_orc_stony_grotto
Elf:1:    layout_geoelf_grid, minmay_elf_demonology, lemuel_upstairs_altar
Elf:2:    nicolae_elf_blades_crystal_corner, layout_geoelf_grid, serial_shops,
          shop, nicolae_shop_vocational
Elf:3:    minmay_elf_hall_not_hex, layout_gridlike, serial_shops, shop
Vaults:1: door_vault, hangedman_vaults_river_flow, nicolae_vaults_weapon_check,
          v_misc_1, nicolae_vaults_tetromino_Z_1,
          nicolae_vaults_closet_pinwheel_3, vaults_mumra_hexcomb,
          ontoclasm_vaults_loading_screen, nicolae_vaults_offset_grid_hallway_2,
          v_misc_22, nicolae_vaults_little_squares_5, v_misc_16,
          nicolae_vaults_layer_cake_slice, nicolae_vaults_diamond_1,
          vaults_room_hallway, nicolae_vaults_mini_display_case,
          layout_vaults_ring
Vaults:2: gammafunk_ghost_smash, nicolae_vaults_triangles,
          nicolae_vaults_wine_cellar, nicolae_vaults_offset_grid_hallway_4,
          nicolae_vaults_network_square, nicolae_vaults_variable_pillar_hall,
          layout_vaults_chaotic_city
Vaults:3: mu_enter_wizlab_2, vaults_standard_mumra_x, door_vault,
          nicolae_vaults_storage_closets_1, nicolae_vaults_storage_closets_2,
          minmay_crypt_entry_simple_plaza, nicolae_vaults_door_testing_chamber,
          nicolae_vaults_turnstiles, grunt_vaults_bifocal,
          nicolae_vaults_network_periphery, nicolae_vaults_shelves_hall,
          nicolae_vaults_diamond_1, layout_vaults_maze, serial_shops, shop,
          uniq_xtahua
Vaults:4: hangedman_vaults_slither, nicolae_vaults_variable_pillar_hall,
          vaults_room_fours, ontoclasm_vaults_ring_large,
          nicolae_vaults_diamond_1, nicolae_vaults_little_squares_1,
          nicolae_vaults_two_Ls, v_pattern_3, hangedman_vaults_stagger,
          v_misc_13, nicolae_vaults_sealed_display,
          nicolae_vaults_little_squares_4, nicolae_vaults_ring_of_whatevers,
          nicolae_vaults_big_ls, layout_vaults_big_cross, serial_shops,
          nicolae_shop_rolled_up
Vaults:5: serial_shops, uniq_bai_suzhen
Crypt:1:  layout_chaotic_city
Crypt:2:  layout_catacombs
Crypt:3:  cryptofortress_bobbens
Tomb:1
Depths:1: layout_gridlike, lightli_too_deep, serial_sigils_hangedman_etch,
          grunt_decor_one_mirror, hex_intersection,
          nicolae_ru_the_path_less_chosen, minmay_shoptagon
Depths:2: minmay_the_grid_triangle_9x9_rhombus_thin_mashed
          [minmay_the_grid_triangle_9x9_limited_checkers,
          minmay_the_grid_triangle_9x9_prize_schism,
          minmay_the_grid_triangle_9x9_steps,
          minmay_the_grid_triangle_9x9_windchime], layout_cave_pools,
          hellmouth_1, hangedman_decor_slide_cut, nzn_ghost_randoct,
          rand_demon_pan_entry_1, abyss_entry, uniq_josephina, uniq_norris
Depths:3: dreamdust_merry_men, layout_basic, enter_ziggurat_b, glass_columns_a,
          abyss_entry, hell_entry, serial_shops, shop, shop, shop, shop,
          kennysheep_generic_room_7, firewood_loft
Depths:4: grunt_zot_entry_alcove, layout_basic, skrybe_limestone_x,
          grunt_hell_entry_dis_grunt, minmay_shop_star, uniq_mennas, uniq_boris
Hell
Dis:1:    layout_regular_city
Dis:2:    layout_subdivisions
Dis:3:    layout_regular_city, nicolae_dis_scattering
Dis:4:    layout_overlapping_boxes
Dis:5:    layout_gridville, lemuel_mystery_crypt
Dis:6:    layout_jigsaw
Dis:7:    dis_hangedman
Geh:1:    layout_gehenna_pools_triple
Geh:2:    layout_gehenna_lava_caves
Geh:3:    layout_gehenna_lava_caves
Geh:4:    layout_gehenna_lava_caves, nicolae_geh_lava_shack
Geh:5:    layout_gehenna_lava_caves
Geh:6:    nicolae_hells_giants_party, layout_gehenna_lava_caves,
          nicolae_geh_single_fiery_grave
Geh:7:    geh_grunt_pentagon
Coc:1:    layout_cocytus_water_paths
Coc:2:    layout_cocytus_delve
Coc:3:    layout_ice_bergs
Coc:4:    layout_cocytus_water_paths
Coc:5:    layout_cocytus_delve, serial_ice, serial_ice_a, serial_ice_n
Coc:6:    layout_ice_bergs
Coc:7:    coc_grunt_cove [coc_grunt_cove_antaeus, coc_grunt_cove_fiend,
          coc_grunt_cove_fiend, coc_grunt_cove_fiend, coc_grunt_cove_fiend]
Tar:1:    nicolae_tar_fractal_crypt, layout_cathedral_of_symmetry
Tar:2:    nicolae_tar_honey_stairs, layout_cathedral_of_symmetry
Tar:3:    nicolae_tar_tart_auras, layout_cathedral_of_symmetry,
          nicolae_tar_cuneiform_two
Tar:4:    layout_catacombs
Tar:5:    layout_grid_maze
Tar:6:    layout_catacombs, nicolae_tar_cuneiform_city
Tar:7:    tar_mu [tar_mu_maze]
Zot:1:    layout_gridlike, hangedman_zot_decor_scrapings, grunt_megastairs_3
Zot:2:    layout_cellular_growth, gammafunk_ghost_split,
          regret_index_zotdec_iron_s
Zot:3:    kennysheep_bubbly, layout_basic
Zot:4:    hellmonk_crystal_mountain, layout_basic, st_stairs_14,
          hangedman_player_shredder
Zot:5:    layout_misc_corridors

Skill      XL: |  1  2  3  4  5  6  7  8  9 10 11 12 13 14 15 16 17 18 19 20 21 22 23 24 25 26 27 |
---------------+----------------------------------------------------------------------------------+-----
Unarmed Combat | 4 5 6 8 10 13 15 16 17 19 20 21 22 23 24 25 26 27 | 27.0
Shapeshifting  | 2 3 5 7 10 11 13 14 18 19 20 21 22 23 25 | 25.0
Fighting       | 3 6 9 10 12 15 17 18 19 20 21 27 | 27.0
Dodging        | 3 6 7 8 9 10 15 27 | 27.0
Throwing       | 2 |  2.0
Shields        | 4 8 9 10 12 27 | 27.0
Stealth        | 10 | 10.4
Armour         | 5 |  5.0

Action                     |  1- 3 |  4- 6 |  7- 9 | 10-12 | 13-15 | 16-18 | 19-21 | 22-24 | 25-27 || total
---------------------------+-------+-------+-------+-------+-------+-------+-------+-------+-------++-------
  Melee: Unarmed           |   105 |    72 |   303 |   482 |   787 |  1045 |  1077 |  1056 |  5588 || 10515
         Punch             |     2 |     3 |    15 |    19 |     2 |    67 |       |       |       ||   108
   Fire: Sling             |       |       |       |    37 |       |       |       |       |       ||    37
  Throw: Dart              |       |     2 |     7 |       |       |       |       |       |       ||     9
         Large rock        |       |     1 |       |       |       |       |     4 |       |       ||     5
         Javelin           |       |       |     8 |       |       |       |       |       |       ||     8
 Invoke: Potion Petition   |       |       |       |     1 |     1 |     1 |     1 |     1 |    21 ||    26
         Call Merchant     |       |       |       |     1 |     2 |       |     1 |       |     6 ||    10
  Evoke: Wand              |       |       |       |       |       |       |       |       |     5 ||     5
         Horn of Geryon    |       |       |       |       |       |       |       |       |     1 ||     1
    Use: Scroll            |       |     5 |     9 |     7 |     5 |     7 |     4 |     2 |    26 ||    65
         Potion            |       |       |       |     1 |     3 |     3 |     1 |     1 |    23 ||    32
   Stab: Sleeping          |     3 |     1 |     1 |       |       |       |     1 |     3 |    39 ||    48
         Distracted        |       |     1 |     2 |     1 |     4 |    12 |    22 |    17 |   105 ||   164
         Invisible         |       |       |       |       |     1 |       |       |       |    35 ||    36
         Confused          |       |       |       |       |       |       |       |       |     1 ||     1
 Armour: Robe              |    64 |    29 |   165 |    42 |       |       |       |       |       ||   300
         Steam dragon scal |       |       |       |    70 |     3 |       |       |       |       ||    73
         Skin              |       |       |       |   152 |   401 |  1424 |   798 |   644 |  2072 ||  5491
  Dodge: Dodged            |    71 |    24 |   125 |   336 |   370 |   768 |   569 |   459 |  1990 ||  4712
  Block: Kite shield       |       |       |       |       |       |       |  1679 |  1466 |  1690 ||  4835
         Tower shield      |       |       |       |       |       |       |       |       |  6241 ||  6241
   Form: Beast             |     1 |       |       |       |     1 |       |       |       |       ||     2
         Flux              |       |       |       |     1 |     1 |       |       |       |       ||     2
         Statue            |       |       |       |       |       |     1 |       |     1 |       ||     2
                           |       |       |       |       |       |     1 |       |       |       ||     1
         Storm             |       |       |       |       |       |       |       |     1 |       ||     1

Table legend: (Time is in decaauts)
 A = Elapsed time spent in this place.
 B = Non-inter-level travel time spent in this place.
 C = Inter-level travel time spent in this place.
 D = Time resting spent in this place.
 E = Time spent auto-exploring this place.
 F = Levels seen in this place.
 G = Mean time per level.
                   A        B        C        D        E       F      G
               +--------+--------+--------+--------+--------+-----+--------+
         Total | 125100 | 109706 |  15394 |   8264 |  52833 | 112 | 1117.0 |
       Dungeon |  19397 |  15150 |   4247 |    379 |  10425 |  15 | 1293.1 |
          Lair |   6895 |   5239 |   1656 |    263 |   3031 |   5 | 1379.0 |
        Shoals |   5999 |   5400 |    599 |    441 |   2098 |   4 | 1499.8 |
   Spider Nest |   7236 |   6623 |    613 |    635 |   3361 |   4 | 1809.0 |
    Slime Pits |   2006 |   1771 |    235 |    112 |    732 |   5 |  401.2 |
  Orcish Mines |   2581 |   1931 |    650 |    102 |    955 |   2 | 1290.5 |
   Elven Halls |   6108 |   5580 |    528 |    186 |   3592 |   3 | 2036.0 |
        Vaults |  13097 |  11329 |   1768 |    524 |   7471 |   5 | 2619.4 |
         Crypt |   5113 |   4407 |    706 |      0 |   2888 |   3 | 1704.3 |
          Tomb |   1906 |   1650 |    256 |    257 |    786 |   1 | 1906.0 |
        Depths |   9053 |   7003 |   2050 |    841 |   3855 |   4 | 2263.2 |
          Hell |   1997 |   1859 |    138 |    441 |    640 |   1 | 1997.0 |
           Dis |   3785 |   3707 |     78 |    673 |    214 |   7 |  540.7 |
       Gehenna |   3388 |   3252 |    136 |    557 |     39 |   7 |  484.0 |
       Cocytus |   7223 |   6754 |    469 |   1209 |   2069 |   7 | 1031.9 |
      Tartarus |   5905 |   5241 |    664 |    276 |   1567 |   7 |  843.6 |
           Zot |   7721 |   7127 |    594 |    201 |   4662 |   5 | 1544.2 |
         Abyss |   2357 |   2357 |      0 |     76 |    132 |   7 |  336.7 |
   Pandemonium |  10529 |  10529 |      0 |    499 |   3387 |  15 |  701.9 |
         Sewer |    311 |    311 |      0 |      0 |    117 |   1 |  311.0 |
      Ice Cave |    873 |    873 |      0 |    168 |    298 |   1 |  873.0 |
       Volcano |    289 |    289 |      0 |    121 |      0 |   1 |  289.0 |
        Wizlab |    861 |    861 |      0 |    297 |    246 |   1 |  861.0 |
      Gauntlet |    462 |    462 |      0 |      0 |    262 |   1 |  462.0 |
               +--------+--------+--------+--------+--------+-----+--------+

Top non-repeatable levels by time:
   Tar:7: 4777 daAuts
   Coc:7: 4669 daAuts
Vaults:5: 3743 daAuts
   Elf:3: 3108 daAuts
    D:14: 2808 daAuts
Depths:1: 2703 daAuts
Depths:2: 2542 daAuts
Vaults:1: 2491 daAuts
   Dis:7: 2477 daAuts
Vaults:4: 2391 daAuts
Depths:3: 2367 daAuts
   Geh:7: 2339 daAuts
Vaults:3: 2291 daAuts
   Zot:5: 2211 daAuts
Vaults:2: 2179 daAuts
